 Dungeon Crawl Stone Soup version 0.21.1-1-g345015f (webtiles) character file.

32 inc the Vexing (level 3, 14/14 HPs)
             Began as a Felid Enchanter on Feb 25, 2018.
             Quit the game on level 3 of the Dungeon.
             The game lasted 00:04:22 (2901 turns).

inc the Vexing (Felid Enchanter)                    Turns: 2901, Time: 00:04:23

Health: 14/14      AC:  1    Str:  4    XL:     3   Next: 10%
Magic:  7/7        EV: 18    Int: 17    God:
Gold:   95         SH:  0    Dex: 16    Spells: 3/6 levels left
                                        Lives:  0   Deaths: 1

rFire    . . .     SeeInvis +     - Unarmed
rCold    . . .     Gourm    .   (shield unavailable)
rNeg     . . .     Faith    .   (armour unavailable)
rPois    .         Spirit   .   (helmet unavailable)
rElec    .         Reflect  .   (cloak unavailable)
rCorr    .         Harm     .   (gloves unavailable)
MR       .....                  (boots unavailable)
Stlth    +++.......             (no amulet)
HPRegen  0.04/turn              (no ring)
MPRegen  0.10/turn              (no ring)

@: quick
A: very small, no armour, no weapons or thrown items, stealth, claws 1, fangs 3,
see invisible, carnivore, speed 1, shaggy fur 1, slow metabolism 1, sharp paws
a: no special abilities


You were on level 3 of the Dungeon.
You were not hungry.

You visited 1 branch of the dungeon, and saw 3 of its levels.

You collected 95 gold pieces.

Inventory:

Jewellery
 e - an uncursed ring of magical power {unknown}
Scrolls
 c - 2 scrolls of remove curse {unknown}
 d - a scroll of enchant armour {unknown}
 f - a scroll of identify {unknown}
 g - a scroll of blinking {unknown}
 h - a scroll of random uselessness {unknown}
Potions
 i - a potion of curing {unknown}
Books
 a - a book of Maledictions

   Spells                             Type                      Level
   a - Corona                         Hexes                        1
   b - Ensorcelled Hibernation        Hexes/Ice                    2
   c - Confuse                        Hexes                        3
   d - Tukima's Dance                 Hexes                        3
   e - Dazzling Spray                 Conjuration/Hexes            3
Comestibles
 b - 5 rations


   Skills:
 - Level 2.6 Dodging
 - Level 4.0 Stealth
 + Level 4.0 Unarmed Combat
 - Level 2.0 Spellcasting
 - Level 4.4 Hexes


You had 3 spell levels left.
You knew the following spells:

 Your Spells              Type           Power        Failure   Level  Hunger
a - Corona                Hex            ###....      3%          1    #......
b - Ensorcelled Hibernat  Hex/Ice        #.....       12%         2    ###....


Dungeon Overview and Level Annotations

Branches:
Dungeon (3/15)

Altars:

Annotations:
D:3 Leafsnail's ghost, amateur GrAr


Innate Abilities, Weirdness & Mutations

You cannot wear armour.
You are incapable of wielding weapons or throwing items.
Your paws allow you to move quietly. (Stealth)
You have sharp claws.
You have razor-sharp teeth.
You have supernaturally acute eyesight. (SInv)
You are carnivorous and can eat meat at any time.
You cover ground quickly.
You are covered in fur. (AC +1)
You have a slow metabolism.
Your sharp claws are effective at attacking unaware monsters.


Message History

You closely miss the orc wizard.
The orc wizard is moderately wounded.
The orc wizard mumbles some strange words.
The orc wizard blinks!
The orc wizard hits you with a dagger.
* * * LOW HITPOINT WARNING * * *
Casting: Ensorcelled Hibernation
Confirm with . or Enter, or press ? or * to list all spells.
You don't know that spell.
Casting: Ensorcelled Hibernation
Confirm with . or Enter, or press ? or * to list all spells.
You don't have enough magic to cast that spell.
The orc wizard gestures wildly while chanting.
The orc wizard blinks!
The orc wizard points at you and mumbles some strange words.
The magic dart hits you!
You die...
You are now level 3!
You rejoin the land of the living...
Found a dark potion and a scroll labeled ICE QYFRYRUN.
Are you sure you want to abandon this character and quit the game? (Confirm with "yes".)

# ## +###. #.#.
# ....#
####.#.## .#
....+ ........#
.! ....
##....#.###.#
..###
#....@.......
.....
..............#
..#
......#.#.##..#
..# ...#..#.#.#
# ### #.?.. ...
. ##### #.##.
### ## .....# #
# ##.### ##


There were no monsters in sight!

Vanquished Creatures
  2 adders
  A gnoll (D:1)
  2 dart slugs (D:1)
  An orc (D:3)
  A ball python (D:3)
  2 giant cockroaches
  5 goblins
  5 hobgoblins
  3 jackals (D:1)
  2 kobolds
  A quokka (D:3)
  8 bats
  2 frilled lizards (D:1)
  3 rats (D:1)
38 creatures vanquished.

Notes
Turn   | Place    | Note
-------+----------+-------------------------------------------
     0 | D:1      | inc the Felid Enchanter began the quest for the Orb.
     0 | D:1      | Reached XP level 1. HP: 7/7 MP: 4/4
   595 | D:1      | Reached XP level 2. HP: 11/11 MP: 6/6
   600 | D:1      | Learned a level 2 spell: Ensorcelled Hibernation
  1736 | D:1      | Reached XP level 3. HP: 14/14 MP: 7/7
  2872 | D:3      | Reached XP level 4. HP: 18/18 MP: 5/8
  2874 | D:3      | Noticed Leafsnail's ghost (amateur GrAr)
  2900 | D:3      | Killed from afar by an orc wizard
  2901 | D:3      | Reached XP level 3. HP: -3/14 MP: 1/7
  2901 | D:3      | Quit the game

Skill      XL: |  1  2  3 |
---------------+----------+-----
Unarmed Combat | 2 3 4 |  4.0
Dodging        | |  2.6
Stealth        | |  4.0
Spellcasting   | |  2.0
Hexes          | |  4.4

Action                   |  1- 3 |  4- 6 || total
-------------------------+-------+-------++-------
Melee: Unarmed           |   116 |     4 ||   120
       Bite              |     9 |       ||     9
 Cast: Ensorcelled Hiber |    18 |     3 ||    21
       Corona            |     1 |       ||     1
 Stab: Sleeping          |    17 |     2 ||    19
  Eat: Chunk             |     5 |       ||     5
Armor: Skin              |     7 |       ||     7
Dodge: Dodged            |   104 |     2 ||   106
